 Dungeon Crawl Stone Soup version 0.24.0-35-gdb84b6a5db (webtiles) character file.

Game seed: 13401600075038403844, levelgen mode: deterministic

4852 Flugslaktarn the Cleaver (level 10, -13/91 HPs)
             Began as a Deep Dwarf Fighter on Nov 17, 2019.
             Was a Priest of Makhleb.
             Killed from afar by an electric eel (14 damage)
             ... with a bolt of electricity
             ... on level 9 of the Dungeon.
             The game lasted 00:04:27 (5925 turns).

Flugslaktarn the Cleaver (Deep Dwarf Fighter)       Turns: 5925, Time: 00:04:27

Health: -13/91     AC: 21    Str: 22    XL:     10   Next: 25%
Magic:  9/9        EV:  5    Int: 10    God:    Makhleb [***...]
Gold:   407        SH: 15    Dex: 12    Spells: 9/9 levels left

rFire    . . .     SeeInvis .   a - +0 war axe
rCold    . . .     Gourm    .   c - +0 shield
rNeg     . . .     Faith    .   F - +0 plate armour
rPois    +         Spirit   .   f - +0 helmet
rElec    .         Reflect  +   s - +0 cloak
rCorr    .         Harm     .   (no gloves)
MR       +....                  A - +2 pair of boots
Stlth    ..........             w - +4 amulet of reflection
HPRegen  0.00/turn              (no ring)
MPRegen  0.11/turn              (no ring)

@: non-regenerating, lightly drained
A: damage resistance, heal wounds, icy blue scales 1, blurry vision 1, sense
surroundings 2, poison resistance, no regeneration
a: Heal Wounds, Minor Destruction, Lesser Servant of Makhleb, Renounce Religion


You were on level 9 of the Dungeon.
You worshipped Makhleb.
Makhleb was most pleased with you.
You were very hungry.

You visited 2 branches of the dungeon, and saw 10 of its levels.
You also visited: Sewer.

You collected 407 gold pieces.

Inventory:

Hand Weapons
 a - a +0 war axe (weapon)
Armour
 c - a +0 shield (worn)
 f - a +0 helmet (worn)
   (You found it on level 5 of the Dungeon)
 s - a +0 cloak (worn)
   (You found it on level 3 of the Dungeon)
 A - a +2 pair of boots (worn)
   (You found it on level 5 of the Dungeon)
 F - a +0 plate armour (worn)
   (You found it on level 7 of the Dungeon)
Jewellery
 k - an uncursed ring of fire
   (You found it on level 3 of the Dungeon)
 w - a +4 amulet of reflection (around neck)
   (You found it on level 4 of the Dungeon)
Wands
 b - a wand of acid (22)
   (You found it on level 3 of the Dungeon)
 E - a wand of enslavement (6)
   (You found it on level 6 of the Dungeon)
Scrolls
 g - 4 scrolls of teleportation {unknown}
 h - 6 scrolls of identify {unknown}
 i - 3 scrolls of amnesia {unknown}
 l - 4 scrolls of immolation {unknown}
 r - a scroll of noise {unknown}
 x - 2 scrolls of remove curse {unknown}
 y - 2 scrolls of fog {unknown}
 z - 2 scrolls of blinking {unknown}
 B - a scroll of enchant weapon {unknown}
 D - a scroll of summoning {unknown}
 G - a scroll of magic mapping {unknown}
Potions
 d - 3 potions of might
 j - a potion of brilliance
 m - a potion of cancellation {unknown}
 n - 2 potions of ambrosia
 o - 3 potions of degeneration {unknown}
 p - 4 potions of flight
 q - 2 potions of berserk rage {unknown}
 u - 2 potions of agility {unknown}
 v - a potion of curing {unknown}
 C - a potion of lignification {unknown}
 H - a potion of invisibility {unknown}
Comestibles
 e - 15 rations


   Skills:
 + Level 6.1(6.0) Fighting
 * Level 9.6(9.5) Axes
 + Level 7.4(7.3) Armour
 + Level 7.3(7.2) Shields
 + Level 6.1(6.0) Invocations
 + Level 6.2(6.1) Evocations


You had 9 spell levels left.
You didn't know any spells.
Your spell library was empty.

Dungeon Overview and Level Annotations

Branches:
Dungeon (9/15)             Temple (1/1) D:5           Sewer (visited)
   Lair: D:8-11         Orc: D:9-12

Altars:
Cheibriados
Dithmenos
Fedhas
Gozag
Hepliaklqana
Kikubaaqudgha
Makhleb
Nemelex Xobeh
Ru
Sif Muna
Uskayaw
Wu Jian
Xom
Yredelemnul
Zin
Beogh

Shops:
D:5 :


Innate Abilities, Weirdness & Mutations

You are resistant to damage.
You can heal yourself by infusing magical energy.
You passively map the area around you.
You do not regenerate.
You are partially covered in icy blue scales. (AC +2)
Scrolls take you a little longer to read.
Your system is resistant to poisons. (rPois)


Message History

* * * LOW HITPOINT WARNING * * *
You see here a hound corpse.
You are too injured to fight recklessly!
You are too injured to fight recklessly!
You are too injured to fight recklessly!
You are too injured to fight recklessly!
You are too injured to fight recklessly!
You are too injured to fight recklessly!
You are too injured to fight recklessly!
You are too injured to fight recklessly!
You are too injured to fight recklessly!
Okay, then.
The electric eel shoots out a bolt of lightning at you!
The bolt of electricity hits the electric eel.
The electric eel completely resists.
The bolt of electricity hits you!
* * * LOW HITPOINT WARNING * * *
The electric eel shoots out a bolt of lightning at you!
The bolt of electricity hits the electric eel.
The electric eel completely resists.
The bolt of electricity hits you!
You die...

.# #.# ..≈≈≈... > * .#
#<#* * ........,.. .# #.#
##.....* .# * <#####.#
#....#####.# .......#
#..........####
.....#######...# #........
, #.##...........#
#....≈...
#.##.#########.###.....≈≈.
#....# #..@.†..;;≈≈≈
####.# #####..;;≈≈≈≈≈
####.# #.....≈≈≈ , ≈
.....# #...≈≈≈≈≈, ≈ ######
#........,, #..≈≈≈≈≈≈ ≈
#..≈≈≈≈≈≈,≈ , #...≈≈≈≈≈ ≈
#...≈.≈.≈ ≈


You could see 4 electric eels.

Vanquished Creatures
  2 trolls
  Grinder (D:5)
  3 hogs (D:7)
  A yak (D:7)
  A human (D:7)
  Edmund (D:4)
  An ice beast (D:7)
  6 ogres
  2 orc warriors (D:8)
  Purgy (Sewer)
  4 wolves (D:9)
  3 centaurs
  3 bullfrogs
  3 wights (D:9)
  4 howler monkeys
  4 crimson imps
  A centaur zombie (D:7)
  A bullfrog zombie (D:8)
  12 hounds
  A quasit (D:7)
  4 orc priests
  2 centaur skeletons
  3 jellies
  A bullfrog skeleton (D:9)
  Natasha (D:2)
  An iguana (D:6)
  4 worker ants
  6 orc wizards
  A mummy (D:8)
  A worker ant zombie (D:7)
  8 gnolls (D:7)
  A howler monkey skeleton (D:6)
  6 adders
  2 shadow imps
  2 oozes
  2 worms (D:5)
  2 dart slugs
  6 leopard geckos
  42 orcs
  9 giant cockroaches
  4 goblins
  5 hobgoblins
  2 jackals (D:6)
  5 kobolds
  3 quokkas
  A ball python (D:6)
  6 bats
  5 frilled lizards
  3 leopard gecko skeletons
  7 rats
200 creatures vanquished.

Notes
Turn   | Place    | Note
-------+----------+-------------------------------------------
     0 | D:1      | Flugslaktarn the Deep Dwarf Fighter began the quest for the
                  | Orb.
     0 | D:1      | Reached XP level 1. HP: 20/20 MP: 1/1
    78 | D:1      | Reached XP level 2. HP: 27/27 MP: 2/2
   241 | D:2      | Reached skill level 3 in Axes
   266 | D:2      | Reached XP level 3. HP: 31/33 MP: 3/3
   318 | D:2      | Noticed Natasha
   325 | D:2      | Killed Natasha
   418 | D:2      | Reached XP level 4. HP: 40/42 MP: 4/4
   534 | D:3      | Found a glowing drain.
   547 | D:3      | Reached skill level 4 in Axes
   554 | Sewer    | Entered a sewer
   648 | Sewer    | Noticed Purgy
   653 | Sewer    | Killed Purgy
   653 | Sewer    | Reached XP level 5. HP: 34/49 MP: 5/5
   802 | D:3      | Found a radiant altar of Vehumet.
   804 | D:3      | Found a shimmering altar of Xom.
   804 | D:3      | Found a sparkling altar of Nemelex Xobeh.
   806 | D:3      | Found a shimmering altar of Xom.
   806 | D:3      | Found a hide-covered altar of Uskayaw.
   806 | D:3      | Found a shadowy altar of Dithmenos.
  1450 | D:3      | Found a shimmering blue altar of Sif Muna.
  1508 | D:4      | Noticed Edmund
  1515 | D:4      | Reached XP level 6. HP: 33/56 MP: 6/6
  1540 | D:4      | Gained mutation: Scrolls take you a little longer to read.
                  | [potion of mutation]
  1540 | D:4      | Gained mutation: Your mind is acute. (Int +2) [potion of
                  | mutation]
  1540 | D:4      | Gained mutation: You are partially covered in icy blue
                  | scales. (AC +2) [potion of mutation]
  1546 | D:4      | HP: 2/56 [poisoned by Edmund]
  1551 | D:4      | Killed Edmund
  1551 | D:4      | Reached skill level 5 in Axes
  1606 | D:4      | Lost mutation: Scrolls take you a little longer to read.
                  | [potion of mutation]
  1606 | D:4      | Lost mutation: Your mind is acute. (Int +2) [potion of
                  | mutation]
  1606 | D:4      | Gained mutation: Scrolls take you a little longer to read.
                  | [potion of mutation]
  1606 | D:4      | Gained mutation: Your system is resistant to poisons.
                  | (rPois) [potion of mutation]
  1984 | D:4      | Found an ancient bone altar of Kikubaaqudgha.
  2265 | D:4      | Reached skill level 5 in Armour
  2265 | D:4      | Reached XP level 7. HP: 43/64 MP: 6/6
  2395 | D:4      | Reached skill level 5 in Shields
  2718 | D:5      | Entered Level 5 of the Dungeon
  2840 | D:5      | Found a staircase to the Ecumenical Temple.
  2953 | Temple   | Entered the Ecumenical Temple
  3077 | Temple   | Became a worshipper of Makhleb the Destroyer
  3116 | D:5      | Reached skill level 6 in Axes
  3274 | D:5      | Found Xenoemim's Book Shop.
  3405 | D:5      | Noticed Grinder
  3424 | D:5      | Paralysed by Grinder for 6 turns
  3439 | D:5      | Killed Grinder
  3439 | D:5      | Reached skill level 1 in Invocations
  3439 | D:5      | Reached skill level 1 in Evocations
  3812 | D:6      | Reached XP level 8. HP: 42/73 MP: 6/6
  3926 | D:6      | Reached * piety under Makhleb
  4043 | D:6      | Reached skill level 7 in Axes
  4285 | D:7      | Found a shadowy altar of Dithmenos.
  4364 | D:7      | Found a sacrificial altar of Ru.
  4425 | D:7      | Reached skill level 5 in Fighting
  4492 | D:7      | Reached ** piety under Makhleb
  4549 | D:7      | Gained mutation: You passively map the area around you.
                  | [Deep Dwarf growth]
  4549 | D:7      | Reached XP level 9. HP: 52/81 MP: 8/8
  4770 | D:7      | Reached skill level 8 in Axes
  5024 | D:8      | Reached skill level 5 in Evocations
  5076 | D:8      | Reached skill level 5 in Invocations
  5088 | D:8      | Noticed a troll
  5111 | D:8      | Killed a troll
  5111 | D:8      | Reached skill level 9 in Axes
  5161 | D:8      | Reached *** piety under Makhleb
  5335 | D:8      | Noticed a +0 hand axe
  5335 | D:8      | Noticed a +0 dagger
  5354 | D:8      | Found a hide-covered altar of Uskayaw.
  5502 | D:8      | Found a roughly hewn altar of Beogh.
  5638 | D:8      | Found a snail-covered altar of Cheibriados.
  5671 | D:9      | Reached XP level 10. HP: 74/91 MP: 11/11
  5924 | D:9      | HP: 1/91 [electric eel/bolt of electricity (10)]
  5925 | D:9      | Killed from afar by an electric eel

Levels and vault maps discovered:
D:1:      evilmike_arrival_run_for_it, layout_loops_ring
D:2:      layout_basic, chequers_jeans, uniq_natasha
D:3:      layout_basic, lemuel_doored_altar, serial_rivers,
          chequers_serial_rivers_room_b, chequers_serial_rivers_micro_a,
          chequers_serial_rivers_large_a, chequers_serial_rivers_room_b,
          gup_sewer_entry_pipe, first_ration, minivault_23, doesnt_xom_only_xom
D:4:      layout_layer_cave, overflow_temple_1_default, uniq_edmund
D:5:      layout_basic, minmay_temple_entry_gardened_gates, serial_shops, shop,
          uniq_grinder
D:6:      layout_basic, minmay_misc_feat_cross
D:7:      layout_loops_cross, old_standard_altar, basic_altar, grunt_livestock
D:8:      layout_cave_pools, dancing_weapons_uskayaw, slow_altar_2, special_room
          [special_room_orc]
D:9:      layout_loops_cross, elyvilon_altar_3, grunt_temple_overflow_open,
          erik_lair_island, orc_0_dummy
Temple:   nicolae_temple_figure_eight

Skill      XL: |  1  2  3  4  5  6  7  8  9 10 |
---------------+-------------------------------+-----
Axes           | 3 4 5 6 7 9 |  9.6
Fighting       | 3 4 5 6 |  6.1
Armour         | 4 5 6 7 |  7.4
Shields        | 4 5 6 7 |  7.3
Invocations    | 1 3 5 6 |  6.1
Evocations     | 1 3 5 6 |  6.2

Action                   |  1- 3 |  4- 6 |  7- 9 | 10-12 || total
-------------------------+-------+-------+-------+-------++-------
Melee: War axe           |    47 |   179 |   477 |   181 ||   884
 Abil: Heal Wounds       |       |     5 |     5 |     4 ||    14
Evoke: Wand              |       |     2 |       |     1 ||     3
  Use: Potion            |       |     6 |       |       ||     6
  Eat: Chunk             |       |     4 |    13 |       ||    17
Armor: Scale mail        |    12 |    46 |       |       ||    58
       Chain mail        |       |    46 |    52 |       ||    98
       Plate armour      |       |       |   218 |   106 ||   324
Dodge: Dodged            |    20 |    48 |   100 |    35 ||   203
Block: Shield            |    25 |    96 |   435 |   176 ||   732
       Reflection        |       |       |     8 |       ||     8
